 Dungeon Crawl Stone Soup version 0.30-a0-777-ga9a30cbeda (webtiles) character file.

Game seed: 7851878973140290197

127483 mistaj the Bludgeoner (level 17, -5/116 HPs)
             Began as a Gargoyle Fighter on Feb 14, 2023.
             Was the Champion of Okawaru.
             Slain by Asterion
             ... wielding a +1 demon trident of freezing
              (14 damage)
             ... on level 2 of the Spider Nest.
             The game lasted 01:09:55 (29758 turns).

mistaj the Bludgeoner (Gargoyle Fighter)           Turns: 29758, Time: 01:09:55

Health: -5/116     AC: 48    Str: 28    XL:     17   Next: 1%
Magic:  17/17      EV: 11    Int: 19    God:    Okawaru [******]
Gold:   1586       SH: 12    Dex:  8    Spells: 16/16 levels left

rFire   + + +      SeeInvis .    y - +9 flail "Jales" {flame, rPois Int+4 Stlth+}
rCold   + + +      Faith    +    r - +2 kite shield of the Vestibule of Hell {rC+}
rNeg    + + .      Spirit   .    Q - +9 ice dragon scales of Xohoc {Rampage rF- rC++ rN+ rCorr Slay+3}
rPois   ∞          Reflect  .    U - +2 helmet {Int+3}
rElec   +          Harm     .    l - scarf {rC+ rF+}
rCorr   +          Rampage  ∞    s - +2 pair of gloves {hurl}
Will    +....                    M - +3 pair of seven-league boots {Rampage+∞}
Stlth   +                        m - amulet "Qukiebbeiba" {Faith rF+++ rCorr Dex-3 Stlth+}
HPRegen 0.39/turn                L - ring of Roupitav {rC+ rCorr Str+5}
MPRegen 0.15/turn                c - ring "Wudyco" {rPois Slay+2}

@: about to teleport, flying
A: sickness immunity, AC +12, big wings, negative energy resistance 1,
electricity resistance, torment resistance 1, petrification resistance
a: Renounce Religion, Heroism, Finesse, Duel


You were on level 2 of the Spider Nest.
You worshipped Okawaru.
Okawaru was exalted by your worship.
You visited 5 branches of the dungeon, and saw 25 of its levels.
You visited the Abyss 1 time.
You also visited: Ossuary and Ice Cave.

You collected 2911 gold pieces.
You spent 1325 gold pieces at shops.

Inventory:

Hand Weapons
 i - the +12 great mace of the Middle {heavy, rCorr Str-5 SInv Stlth+}
   (You bought it in a shop on level 2 of the Orcish Mines)

   Str:       It affects your strength (-5).
   SInv:      It lets you see invisible.
   rCorr:     It protects you from acid and corrosion.
   Stlth:     It makes you more stealthy.
 y - the +9 flail "Jales" (weapon) {flame, rPois Int+4 Stlth+}
   (You bought it in a shop on level 2 of the Orcish Mines)

   Int:       It affects your intelligence (+4).
   rPois:     It protects you from poison.
   Stlth:     It makes you more stealthy.
Missiles
 a - 2 throwing nets (quivered)
Armour
 l - a scarf of resistance (worn)
 r - the +2 kite shield of the Vestibule of Hell (worn) {rC+}
   (You bought it in a shop on level 1 of the Dungeon)

   rC:        It protects you from cold.
 s - a +2 pair of gloves of hurling (worn)
 M - the +3 pair of seven-league boots (worn) {Rampage+∞}
   (You found it on level 4 of the Lair of Beasts)

   Rampage+∞: When moving toward enemies, its wearer moves as far as possible.
 Q - the +9 ice dragon scales of Xohoc (worn) {Rampage rF- rC++ rN+ rCorr Slay+3}
   (You found it in an ice cave)

   Slay:      It affects your accuracy & damage with ranged weapons and melee
   (+3).
   rF:        It makes you vulnerable to fire.
   rC:        It greatly protects you from cold.
   rN:        It protects you from negative energy.
   rCorr:     It protects you from acid and corrosion.
   Rampage:   It bestows one free step when moving towards enemies.
 U - a +2 helmet of intelligence (worn)
Jewellery
 c - the ring "Wudyco" (right hand) {rPois Slay+2}
   (You bought it in a shop on level 1 of the Orcish Mines)

   [ring of poison resistance]

   Slay:      It affects your accuracy & damage with ranged weapons and melee
   (+2).
   rPois:     It protects you from poison.
 m - the amulet "Qukiebbeiba" (around neck) {Faith rF+++ rCorr Dex-3 Stlth+}
   (You found it on level 1 of the Lair of Beasts)

   [amulet of faith]

   It allows you to gain divine favour quickly.
   Dex:       It affects your dexterity (-3).
   rF:        It renders you almost immune to fire.
   rCorr:     It protects you from acid and corrosion.
   Stlth:     It makes you more stealthy.
 D - a ring of protection from cold
 L - the ring of Roupitav (left hand) {rC+ rCorr Str+5}
   (You acquired it on level 1 of the Lair of Beasts)

   [ring of protection from cold]

   Str:       It affects your strength (+5).
   rC:        It protects you from cold.
   rCorr:     It protects you from acid and corrosion.
Wands
 k - a wand of acid (18)
 A - a wand of flame (9)
 B - a wand of roots (11)
 C - a wand of digging (7)
 K - a wand of mindburst (17)
 N - a wand of polymorph (4)
 R - a wand of paralysis (8)
Scrolls
 j - a scroll of enchant armour
 p - 2 scrolls of summoning
 t - 3 scrolls of poison
 u - 6 scrolls of teleportation
 x - 3 scrolls of blinking
 z - 2 scrolls of enchant weapon
 G - 3 scrolls of amnesia
 H - 4 scrolls of fog
 O - a scroll of fear
 S - 3 scrolls of magic mapping
 T - a scroll of immolation
Potions
 b - 10 potions of curing
 d - 2 potions of might
 e - 9 potions of attraction
 f - 4 potions of cancellation
 g - 6 potions of resistance
 h - 4 potions of haste
 n - 4 potions of brilliance
 q - 2 potions of magic
 v - 4 potions of heal wounds
 w - 7 potions of lignification
 E - 2 potions of berserk rage
 F - 3 potions of ambrosia
 I - 3 potions of invisibility
 P - 3 potions of mutation


   Skills:
 + Level 16.5 Fighting
 - Level 2.3(11.3) Axes
 + Level 18.4 Maces & Flails
 + Level 13.8 Armour
 + Level 9.5 Dodging
 + Level 10.7 Shields


You had 16 spell levels left.
You didn't know any spells.
Your spell library contained the following spells:

 Spells                   Type           Power      Damage    Failure   Level
 Apportation              Tloc           0%         N/A       65%         1
 Necrotise                Necr           0%         1d4       65%         1
 Static Discharge         Conj/Air       0%         2-2/arc   80%         2
 Frozen Ramparts          Ice            0%         1d1       95%         3
 Hailstorm                Conj/Ice       0%         3d3       95%         3
 Ozocubu's Armour         Ice            0%         N/A       95%         3
 Stone Arrow              Conj/Erth      0%         3d7       95%         3
 Vampiric Draining        Necr           0%         2d6       95%         3
 Vhi's Electric Charge    Tloc/Air       0%         N/A       95%         3
 Fulminant Prism          Conj/Hex       0%         3d5       100%        4
 Petrify                  Tmut/Erth      0%         N/A       100%        4
 Agony                    Necr           0%         N/A       100%        5
 Arcjolt                  Conj/Air       0%         1d10      100%        5
 Lightning Bolt           Conj/Air       0%         1d11      100%        5
 Metabolic Englaciation   Hex/Ice        0%         N/A       100%        5
 Lehudib's Crystal Spear  Conj/Erth      0%         10d2      100%        8
 Summon Small Mammal      Summ           Unusable   N/A       N/A         1
 Animate Armour           Summ/Erth      Unusable   N/A       N/A         4
 Statue Form              Tmut/Erth      Unusable   N/A       N/A         6
 Spellforged Servitor     Conj/Summ      Unusable   N/A       N/A         7
 Dragon's Call            Summ           Unusable   N/A       N/A         9

Dungeon Overview and Level Annotations

Branches:
Dungeon (15/15)            Temple (1/1) D:6            Lair (5/5) D:8
 Shoals (0/4) Lair:2       Spider (2/4) Lair:3        Slime (0/5) Lair:4
    Orc (2/2) D:9             Elf (0/3) Orc:2        Vaults (0/5) D:14
 Depths (0/4) D:15        Ossuary (visited)           IceCv (visited)

Altars:
Ashenzari
Cheibriados
Dithmenos
Elyvilon
Fedhas
Gozag
Hepliaklqana
Kikubaaqudgha
Makhleb
Nemelex Xobeh
Okawaru
Qazlal
Ru
Sif Muna
Trog
Uskayaw
Vehumet
Wu Jian
Xom
Yredelemnul
Zin
The Shining One
Jiyva

Shops:
D:1 [   D:6 :*   D:11 **   Orc:1 *   Orc:2 [!([

Annotations:
Spider:2 Asterion


Innate Abilities, Weirdness & Mutations

You are immune to sickness and miasma.
Your stone body is resilient. (AC +12)
You are immune to poison.
Your large and strong wings let you fly.
You resist negative energy. (rN+)
You are resistant to electric shocks. (rElec)
You are resistant to unholy torment.
You are immune to petrification.


Message History

Asterion is severely wounded.
Aiming: Corrosive Bolt
Press: ? - help, Shift-Dir - straight line, f/p - Asterion
Aim: Asterion, wielding a +1 demon trident of freezing, wearing a +0 ring mail and wearing a +0 kite shield (severely wounded, fast, covered in acid, 100% to hit)
The bolt of acid hits Asterion!
Asterion is almost dead.
Asterion hits you from afar with a +1 demon trident of freezing.
You stride towards the demonic crawler!
You barely miss the demonic crawler.
Asterion conjures a destructive force in the name of Makhleb!
The iron shot hits you!!
* * * LOW HITPOINT WARNING * * *
You block the demonic crawler's attack.
The demonic crawler hits you but does no damage. x2
Asterion screams, "Bow down before your king!
Bow!
Bow!!"
Asterion hits you but does no damage. You block Asterion's attack.
The demonic crawler hits you but does no damage. x2
The demonic crawler misses you.
Asterion hits you with a +1 demon trident of freezing!
* * * LOW HITPOINT WARNING * * *
Asterion completely misses you. You block the demonic crawler's attack.
The demonic crawler completely misses you.
The demonic crawler hits you but does no damage.
Asterion attacks as you move away! Asterion hits you but does no damage.
Asterion gores you.
* * * LOW HITPOINT WARNING * * *
You block Asterion's attack. The demonic crawler closely misses you.
You block the demonic crawler's attack. x2
Asterion hits you from afar with a +1 demon trident of freezing!
* * * LOW HITPOINT WARNING * * *
Asterion freezes you.
* * * LOW HITPOINT WARNING * * *
You feel much better. You block the demonic crawler's attack.
The demonic crawler closely misses you. The demonic crawler hits you.
* * * LOW HITPOINT WARNING * * *
Asterion hits you from afar with a +1 demon trident of freezing!
* * * LOW HITPOINT WARNING * * *
As you read the scroll of teleportation, it crumbles to dust.
You feel strangely unstable.
Asterion is no longer covered in acid.
Asterion hits you from afar with a +1 demon trident of freezing!
You die...

# ####### #..#..##
####......#
##.........## #####
#...........## ###<#.#
#...##..s....#####......
#....##@.....#...(......
##...####H..##..^...#†..
##....####...?..).##(..
##...# ##....#^##....
#...# ########....#
#...# #....## ##..#
##..## #... ##..# ##...
#.†###


You could see Asterion (fast) and a demonic crawler.

Vanquished Creatures
  Jorgrun (Orc:1)
  Gastronok (Lair:2)
  Frances (D:12)
  The ghost of FallingFreak the Grappler, a journeyman TrWr of Uskayaw (Orc:1)
  2 emperor scorpions (Spider:1)
  An azure jelly (IceCv)
  2 quicksilver oozes (IceCv)
  3 broodmothers
  A reaper (D:15)
  2 spark wasps
  Snorg (D:14)
  An entropy weaver (Spider:1)
  Josephine (Orc:1)
  An entropy weaver (shapeshifter) (D:15)
  A great orb of eyes (D:15)
  Fannar (Lair:2)
  Harold (D:11)
  2 boulder beetles
  2 catoblepae
  5 centaur warriors
  3 two-headed ogres
  5 hydras
  2 dancing weapons (D:14)
  9 death yaks
  2 orc high priests
  Urug (Lair:1)
  Lodul (D:14)
  4 skeletal warriors (D:15)
  2 pharaoh ants
  3 sun moths (Spider:2)
  5 orb spiders
  A lindwurm (Lair:3)
  2 steelbarb worms
  A wizard (D:14)
  9 ugly things
  2 orc knights (Orc:2)
  3 deep elf pyromancers
  3 wolf spiders
  5 cyclopes
  6 manticores
  An oklob plant (Lair:5)
  An ice statue (IceCv)
  17 elephants
  4 torpor snails
  An elephant (shapeshifter) (D:15)
  18 cane toads
  3 black mambas
  2 demonic crawlers
  2 gargoyles
  An unseen horror (D:13)
  A freezing wraith (D:14)
  4 rime drakes
  An efreet (D:13)
  7 komodo dragons
  9 polar bears
  A queen bee (Lair:4)
  5 trolls
  4 hornets
  3 meliai (Lair:4)
  14 tarantellas
  7 blink frogs
  3 dream sheep
  5 culicivoras
  A centaur simulacrum (D:15)
  14 spriggans
  30 slime creatures
  2 shadows
  A vampire (D:10)
  7 jumping spiders (Spider:1)
  3 wraiths (Orc:1)
  48 yaks
  5 wyverns
  7 basilisks
  5 steam dragons
  24 redbacks
  Edmund (D:3)
  Menkaure (D:7)
  3 wargs
  2 acid dragons
  11 water moccasins
  Duvessa (D:6)
  39 orc warriors
  4 great orb of eyes simulacra (IceCv)
  3 ice beasts
  17 ogres
  A sky beast (D:7)
  5 black bears
  26 centaurs
  4 boggarts (Lair:5)
  38 wolves
  3 slime creature simulacra (IceCv)
  A phantom (D:6)
  5 kobold brigands
  15 bullfrogs
  2 elf skeletons (D:7)
  3 elf zombies (Ossuary)
  A necrophage (D:6)
  3 gnoll sergeants (D:9)
  3 glowing shapeshifter simulacra (IceCv)
  5 scorpions
  9 wights
  56 killer bees
  Dowan (D:6)
  5 howler monkeys
  An electric eel (Lair:1)
  A quasit (Abyss:3)
  A centaur zombie (Ossuary)
  2 human zombies
  A gnoll bouda (D:5)
  5 hounds
  9 jellies
  15 orc priests
  Ijyb (D:3)
  4 iguanas
  14 orc wizards
  2 shapeshifter simulacra (IceCv)
  2 mummies (Ossuary)
  8 gnolls
  6 adders
  2 white imps (D:7)
  3 ufetubi
  2 worms (D:2)
  3 dart slugs
  62 orcs
  6 bats
  9 endoplasms
  3 giant cockroaches
  6 goblins
  6 hobgoblins
  2 jackals (D:2)
  3 quokkas
  7 ball pythons
  5 frilled lizards
  7 hobgoblin zombies (Ossuary)
  2 jackal zombies (Ossuary)
  15 kobolds
  13 kobold zombies (Ossuary)
  3 orc skeletons (D:7)
  7 orc zombies (Ossuary)
  2 rats
  3 rat zombies (Ossuary)
872 creatures vanquished.

Vanquished Creatures (others)
  A jumping spider (Spider:1)
  62 fungi
  66 plants
129 creatures vanquished.

Grand Total: 1001 creatures vanquished

Notes
Turn   | Place    | Note
-------+----------+-------------------------------------------
     0 | D:1      | mistaj the Gargoyle Fighter began the quest for the Orb.
     0 | D:1      | Reached XP level 1. HP: 14/14 MP: 1/1
   247 | D:1      | Reached XP level 2. HP: 19/19 MP: 2/2
   453 | D:1      | Found a faded altar of an unknown god.
   509 | D:1      | Found Udeung's Antique Armour Emporium.
  1027 | D:2      | Reached XP level 3. HP: 23/24 MP: 3/3
  1041 | D:2      | Reached skill level 1 in Maces & Flails
  1614 | D:2      | Reached XP level 4. HP: 29/29 MP: 4/4
  2599 | D:3      | Reached skill level 2 in Maces & Flails
  2672 | D:3      | Found a blossoming altar of Fedhas.
  2672 | D:3      | Found a shimmering altar of Xom.
  2745 | D:3      | Reached XP level 5. HP: 14/33 MP: 5/5
  2930 | D:3      | Noticed Ijyb
  2937 | D:3      | Killed Ijyb
  3415 | D:4      | Reached skill level 3 in Maces & Flails
  3700 | D:4      | Reached XP level 6. HP: 27/39 MP: 6/6
  4304 | D:4      | Noticed Edmund
  4352 | D:3      | Killed Edmund
  4353 | D:3      | Reached skill level 5 in Fighting
  4353 | D:3      | Reached skill level 4 in Maces & Flails
  4602 | D:5      | Entered Level 5 of the Dungeon
  4629 | D:5      | Reached skill level 5 in Shields
  4714 | D:5      | Noticed an ice beast
  4732 | D:5      | Killed an ice beast
  4733 | D:5      | Reached XP level 7. HP: 37/44 MP: 7/7
  4896 | D:5      | Reached skill level 5 in Maces & Flails
  4959 | D:5      | Identified the +0 plate armour of Saduysk {Fly rN+ Regen+
                  | Dex-3}
  5180 | D:5      | Reached XP level 8. HP: 51/51 MP: 8/8
  5624 | D:1      | Bought an encrusted kite shield for 190 gold pieces
  5624 | D:1      | Identified the +2 kite shield of the Vestibule of Hell
                  | {rC+} (You bought it in a shop on level 1 of the Dungeon)
  5852 | D:6      | Found Rifarergh's Self-Improvement Boutique.
  5874 | D:6      | Reached skill level 6 in Maces & Flails
  5963 | D:6      | Found Zoemu's General Store.
  6164 | D:6      | Noticed Duvessa
  6173 | D:6      | Noticed Dowan
  6176 | D:6      | Killed Duvessa
  6185 | D:6      | Killed Dowan
  6253 | D:6      | Found a staircase to the Ecumenical Temple.
  6262 | Temple   | Entered the Ecumenical Temple
  6431 | Temple   | Became a worshipper of Warmaster Okawaru
  6639 | D:6      | Reached skill level 7 in Maces & Flails
  6639 | D:6      | Reached XP level 9. HP: 54/57 MP: 9/9
  7056 | D:6      | Reached * piety under Okawaru
  7228 | D:7      | Found a sand-covered staircase.
  7233 | Ossuary  | Entered an ossuary
  7390 | Ossuary  | Reached skill level 8 in Maces & Flails
  7743 | D:7      | Reached ** piety under Okawaru
  7828 | D:7      | Found a white marble altar of Elyvilon.
  7912 | D:7      | Reached XP level 10. HP: 65/65 MP: 10/10
  8272 | D:7      | Noticed Menkaure
  8275 | D:7      | Killed Menkaure
  8743 | D:6      | Bought a scroll of enchant weapon for 82 gold pieces
  9099 | D:7      | Reached *** piety under Okawaru
  9100 | D:7      | Reached skill level 9 in Maces & Flails
  9154 | D:8      | Found a staircase to the Lair.
  9456 | D:8      | Reached skill level 10 in Fighting
  9463 | D:8      | Reached skill level 10 in Shields
  9541 | D:8      | Found a shimmering blue altar of Sif Muna.
  9742 | D:9      | Found a sacrificial altar of Ru.
  9859 | D:9      | Reached **** piety under Okawaru
  9909 | D:9      | Found a staircase to the Orcish Mines.
 10001 | D:9      | Reached skill level 10 in Maces & Flails
 10001 | D:9      | Reached XP level 11. HP: 61/73 MP: 11/11
 10053 | D:9      | Reached skill level 5 in Armour
 10272 | D:9      | Reached ***** piety under Okawaru
 10543 | D:10     | Entered Level 10 of the Dungeon
 10613 | D:10     | Noticed a manticore
 10650 | D:10     | Killed a manticore
 10749 | D:10     | Noticed a two-headed ogre
 10800 | D:10     | Killed a two-headed ogre
 10965 | D:10     | Found a radiant altar of Vehumet.
 11303 | D:11     | Reached skill level 11 in Maces & Flails
 11372 | D:11     | Noticed a boulder beetle
 11398 | D:11     | Killed a boulder beetle
 11669 | D:11     | Noticed a cyclops
 11679 | D:11     | Killed a cyclops
 11705 | D:11     | Noticed Harold
 11725 | D:11     | Killed Harold
 11764 | D:11     | Found Reosiaph's Specific Store.
 11767 | D:11     | Found Bakhlahu's General Store.
 11853 | D:11     | Noticed a manticore
 11875 | D:11     | Killed a manticore
 11876 | D:11     | Reached XP level 12. HP: 46/81 MP: 12/12
 12150 | Lair:1   | Entered Level 1 of the Lair of Beasts
 12345 | Lair:1   | Reached ****** piety under Okawaru
 12345 | Lair:1   | Identified the +6 mace of Henotheism {holy, rElec} (Okawaru
                  | gifted it to you on level 1 of the Lair of Beasts)
 12345 | Lair:1   | Received a gift from Okawaru
 12500 | Lair:1   | Identified a scroll of acquirement
 12500 | Lair:1   | Acquired the ring of Roupitav {rC+ rCorr Str+5}
 12540 | Lair:1   | Found a sparkling altar of Nemelex Xobeh.
 12596 | Lair:1   | Reached skill level 12 in Maces & Flails
 12862 | Lair:1   | Identified the +2 robe of the Bull {*Corrode Fly rN+++
                  | Int+3} (Okawaru gifted it to you on level 1 of the Lair of
                  | Beasts)
 12862 | Lair:1   | Received a gift from Okawaru
 12998 | Lair:1   | Identified the amulet "Qukiebbeiba" {Faith rF+++ rCorr
                  | Dex-3 Stlth+}
 13442 | Lair:2   | Noticed Urug
 13453 | Lair:1   | Killed Urug
 13520 | Lair:2   | Reached skill level 10 in Armour
 13544 | Lair:2   | Reached XP level 13. HP: 88/88 MP: 13/13
 13771 | Lair:2   | Reached skill level 13 in Maces & Flails
 13847 | Lair:2   | Noticed Gastronok
 13888 | Lair:2   | Killed Gastronok
 14093 | Lair:2   | Noticed Fannar
 14253 | Lair:2   | Killed Fannar
 14262 | Lair:2   | Found a staircase to the Shoals.
 14528 | Lair:3   | Identified the +2 robe "Xiohugg" {Harm rCorr Str+3}
                  | (Okawaru gifted it to you on level 3 of the Lair of Beasts)
 14528 | Lair:3   | Received a gift from Okawaru
 14582 | Lair:3   | Got the Spellbook of Massed Jinxing
 14603 | Lair:3   | Found a hole to the Spider Nest.
 15523 | Lair:3   | Identified the +5 hand axe of Due Proportion {freeze, rF+
                  | Dex+3} (Okawaru gifted it to you on level 3 of the Lair of
                  | Beasts)
 15523 | Lair:3   | Received a gift from Okawaru
 15549 | Lair:3   | Reached skill level 15 in Fighting
 15549 | Lair:3   | Reached skill level 14 in Maces & Flails
 15683 | Lair:3   | Gained mutation: Your large and strong wings let you fly.
                  | [Gargoyle growth]
 15683 | Lair:3   | Reached XP level 14. HP: 98/98 MP: 14/14
 16015 | Lair:4   | Found a staircase to the Slime Pits.
 16061 | Lair:4   | Found a viscous altar of Jiyva.
 16141 | Lair:4   | Found a frozen archway.
 16232 | IceCv    | Entered an ice cave
 16682 | IceCv    | Received a gift from Okawaru
 16803 | IceCv    | Noticed a quicksilver ooze
 16832 | IceCv    | Killed a quicksilver ooze
 16902 | IceCv    | Found a viscous altar of Jiyva.
 16902 | IceCv    | Noticed an azure jelly
 16921 | IceCv    | Killed an azure jelly
 16932 | IceCv    | Noticed a quicksilver ooze
 16951 | IceCv    | Killed a quicksilver ooze
 17005 | IceCv    | Identified the +9 ice dragon scales of Xohoc {Rampage rF-
                  | rC++ rN+ rCorr Slay+3}
 17009 | IceCv    | Got the Vellum of the Icicle
 17958 | Lair:4   | Found the +3 pair of seven-league boots {Rampage+∞}
 18255 | Lair:4   | Reached skill level 15 in Maces & Flails
 18844 | Lair:4   | Received a gift from Okawaru
 19008 | Lair:5   | Entered Level 5 of the Lair of Beasts
 19051 | Lair:5   | Reached skill level 1 in Dodging
 19652 | Lair:5   | Reached XP level 15. HP: 92/104 MP: 15/15
 19671 | Lair:5   | Identified the +0 kite shield "Melocop" {MP-9 Int+2 Dex+4
                  | Slay+3} (Okawaru gifted it to you on level 5 of the Lair of
                  | Beasts)
 19671 | Lair:5   | Received a gift from Okawaru
 20478 | Lair:5   | Reached skill level 16 in Maces & Flails
 21026 | Orc:1    | Entered Level 1 of the Orcish Mines
 21250 | Orc:1    | Found a runed translucent door.
 21259 | Orc:1    | Noticed FallingFreak's ghost (journeyman TrWr)
 21278 | Orc:1    | Killed FallingFreak's ghost
 21490 | Orc:2    | Entered Level 2 of the Orcish Mines
 21628 | Orc:1    | Found Aghu's Assorted Antiques.
 21630 | Orc:1    | Noticed Josephine
 21656 | Orc:1    | Reached skill level 5 in Dodging
 21666 | Orc:1    | Killed Josephine
 21696 | Orc:1    | Bought a fine ivory ring for 130 gold pieces
 21696 | Orc:1    | Identified the ring "Wudyco" {rPois Slay+2} (You bought it
                  | in a shop on level 1 of the Orcish Mines)
 21850 | Orc:2    | Noticed Jorgrun
 22206 | Orc:1    | Killed Jorgrun
 22239 | Orc:1    | Received a gift from Okawaru
 22409 | Orc:2    | Found a staircase to the Elven Halls.
 23346 | Orc:2    | Found Itenalub's Antique Weapon Shop.
 23346 | Orc:2    | Found Ilatsepa's Distillery.
 23348 | Orc:2    | Found Iwnaq's Antique Armour Shoppe.
 23350 | Orc:2    | Found Wabuhamn's Antique Armour Boutique.
 23361 | Orc:2    | Bought a potion of mutation for 144 gold pieces
 23361 | Orc:2    | Bought 2 potions of resistance for 360 gold pieces
 23362 | Orc:2    | Bought a crude flail for 178 gold pieces
 23362 | Orc:2    | Identified the +9 flail "Jales" {flame, rPois Int+4 Stlth+}
                  | (You bought it in a shop on level 2 of the Orcish Mines)
 23367 | Orc:2    | Bought a warped great mace for 241 gold pieces
 23367 | Orc:2    | Identified the +12 great mace of the Middle {heavy, rCorr
                  | Str-5 SInv Stlth+} (You bought it in a shop on level 2 of
                  | the Orcish Mines)
 23624 | D:12     | Noticed Frances
 23647 | D:12     | Killed Frances
 24752 | Abyss:2  | Cast into level 2 of the Abyss (a wizard)
 24837 | D:14     | Escaped the Abyss
 25029 | D:14     | Noticed Lodul
 25042 | D:14     | Killed Lodul
 25043 | D:14     | Reached skill level 17 in Maces & Flails
 25463 | D:14     | Found a gate to the Vaults.
 25489 | D:14     | Received a gift from Okawaru
 25490 | D:14     | Reached XP level 16. HP: 64/110 MP: 16/16
 25631 | D:14     | Identified the +5 rapier "Myesehoe" {freeze, *Noise rPois
                  | rCorr Dex+6}
 25938 | D:14     | Noticed Snorg
 25942 | D:14     | Killed Snorg
 26144 | D:15     | Entered Level 15 of the Dungeon
 26496 | D:15     | Found the +5 scythe "Finisher" {speed, eviscerate}
 26872 | D:15     | Paralysed by a great orb of eyes for 2 turns
 26978 | D:15     | Found a staircase to the Depths.
 27302 | Spider:1 | Entered Level 1 of the Spider Nest
 27334 | Spider:1 | Received a gift from Okawaru
 27404 | Spider:1 | Reached skill level 18 in Maces & Flails
 28272 | Spider:1 | Received a gift from Okawaru
 29688 | Spider:2 | Reached XP level 17. HP: 112/116 MP: 17/17
 29721 | Spider:2 | Noticed Asterion
 29756 | Spider:2 | HP: 5/116 [Asterion/+1 demon trident of freezing (14)]
 29758 | Spider:2 | Slain by Asterion

Illustrated notes

Levels and vault maps discovered:
D:1:      minmay_arrival_nine_rooms, layout_loops_corners, serial_shops,
          nicolae_shop_hallway_plus, hellmonk_ecumenical_altar_run_dry,
          minmay_pentomino_r4
D:2:      layout_basic, skrybe_limestone_x
D:3:      layout_basic, gammafunk_temple_overflow_wave, minivault_24,
          corexii_shack, kennysheep_generic_room_11, uniq_ijyb
D:4:      layout_basic, uniq_edmund
D:5:      layout_basic
D:6:      minmay_razor_zed, layout_gridville, minmay_temple_entry_grid,
          serial_shops, nicolae_shop_stone, kennysheep_flooded_box,
          nicolae_shop_self_help, uniq_duvessa
D:7:      layout_rooms, nicolae_elyvilon_temple_path,
          nicolae_ossuary_entry_catacombs, grunt_ministairs_1, uniq_menkaure
D:8:      kennysheep_steamy, layout_rooms, led_sif_pool,
          erik_lair_orcish_takeover
D:9:      layout_rooms, mainiacjoe_overflow_alcove_4,
          kennysheep_orc_monster_closet_entryway, kennysheep_decorative_pillar
D:10:     layout_rooms, fiery_altar_vehumet
D:11:     layout_irregular_city, gauntlet_entry_generic, nicolae_specific_store,
          uniq_harold
D:12:     layout_roguey, bh_walls_and_bars, uniq_frances
D:13:     layout_roguey
D:14:     layout_stronghold, erik_vaults_1, serial_bayou_crossing, uniq_lodul,
          uniq_snorg
D:15:     gammafunk_enter_depths_forms, layout_rooms, hex_intersection,
          grunt_ministairs_2, minmay_guarded_unrand_finisher
Temple:   eino_temple_rhombus
Lair:1:   layout_chaotic_city, basic_altar, chequers_serial_rivers_micro_a,
          nzn_random_ring, grunt_megastairs_4, infiniplex_staircase_pool
Lair:2:   layout_misc_corridors, minmay_shoals_entry_centaurs,
          forest_entry_grove, serial_bayou_shore_a, uniq_urug, uniq_gastronok,
          uniq_fannar
Lair:3:   nzn_winding_woodlands_stair_trap
          [nzn_winding_woodlands_5x15_split_checker,
          nzn_winding_woodlands_5x15_garden,
          nzn_winding_woodlands_5x15_longhouse,
          nzn_winding_woodlands_15x15_killbox,
          nzn_winding_woodlands_5x15_pockets,
          nzn_winding_woodlands_5x15_lazy_stream,
          nzn_winding_woodlands_5x15_pool], layout_misc_corridors,
          dummy_spider_entry, lemuel_fruit_tree
Lair:4:   regret_index_tunnel_blossom, layout_layer_cave,
          nicolae_slime_entry_field_trip, portal_ice_cave_entry_pillars_1,
          grunt_forest_small_clearing_treed
Lair:5:   minmay_lair_end_enchanted_forest, layout_misc_corridors,
          grunt_megastairs_1, infiniplex_staircase_pool_2
Spider:1: layout_chambers
Spider:2: layout_spider_delve, uniq_asterion
Orc:1:    layout_caves, ebering_ghost_reflecting_pool, serial_shops,
          nicolae_shop_overgrown_old_shop, uniq_josephine
Orc:2:    st_orc_rangers, layout_caves, uniq_jorgrun

Skill      XL: |  1  2  3  4  5  6  7  8  9 10 11 12 13 14 15 16 |
---------------+-------------------------------------------------+-----
Axes           | 2 |  2.3
Maces & Flails | 1 2 3 4 5 7 8 10 11 12 14 15 17 18 | 18.4
Fighting       | 4 5 7 8 10 12 13 15 16 | 16.5
Shields        | 4 5 7 8 10 | 10.7
Armour         | 4 7 10 12 13 | 13.8
Dodging        | 2 7 9 |  9.5

Action                     |  1- 3 |  4- 6 |  7- 9 | 10-12 | 13-15 | 16-18 || total
---------------------------+-------+-------+-------+-------+-------+-------++-------
  Melee: War axe           |    52 |       |       |       |       |       ||    52
         Whip              |    68 |   152 |   538 |  1076 |  2189 |       ||  4023
         Mace              |       |       |       |   110 |       |       ||   110
         Flail             |       |       |       |       |   182 |   521 ||   703
  Evoke: Wand              |       |       |       |       |       |     2 ||     2
    Use: Scroll            |       |     8 |     6 |     9 |     7 |     4 ||    34
         Potion            |       |       |       |       |     1 |     2 ||     3
   Stab: Sleeping          |       |       |       |       |     1 |     1 ||     2
 Armour: Scale mail        |    57 |    19 |       |       |       |       ||    76
         Chain mail        |       |    52 |    22 |       |       |       ||    74
         Plate armour      |       |       |   263 |   630 |   553 |       ||  1446
         Ice dragon scales |       |       |       |       |   713 |   371 ||  1084
  Dodge: Dodged            |    52 |    31 |   131 |   228 |   556 |   193 ||  1191
  Block: Buckler           |    22 |    32 |    17 |       |       |       ||    71
         Kite shield       |       |       |   212 |   631 |  1165 |   292 ||  2300

Table legend: (Time is in decaauts)
 A = Elapsed time spent in this place.
 B = Non-inter-level travel time spent in this place.
 C = Inter-level travel time spent in this place.
 D = Time resting spent in this place.
 E = Time spent auto-exploring this place.
 F = Levels seen in this place.
 G = Mean time per level.
                   A        B        C        D        E       F      G
               +--------+--------+--------+--------+--------+-----+--------+
         Total |  28559 |  26791 |   1768 |   5913 |  12351 |  29 |  984.8 |
       Dungeon |  15422 |  13995 |   1427 |   2296 |   7752 |  15 | 1028.1 |
        Temple |    179 |    170 |      9 |      0 |    144 |   1 |  179.0 |
          Lair |   7321 |   7085 |    236 |   1683 |   3002 |   5 | 1464.2 |
   Spider Nest |   2409 |   2396 |     13 |    914 |    820 |   2 | 1204.5 |
  Orcish Mines |   2088 |   2005 |     83 |    696 |    598 |   2 | 1044.0 |
         Abyss |     84 |     84 |      0 |      5 |      0 |   2 |   42.0 |
       Ossuary |    294 |    294 |      0 |     27 |     23 |   1 |  294.0 |
      Ice Cave |    757 |    757 |      0 |    290 |     12 |   1 |  757.0 |
               +--------+--------+--------+--------+--------+-----+--------+

Top non-repeatable levels by time:
  Lair:4: 2116 daAuts
     D:2: 1653 daAuts
  Lair:5: 1585 daAuts
Spider:1: 1552 daAuts
  Lair:3: 1443 daAuts
    D:14: 1334 daAuts
     D:4: 1300 daAuts
     D:7: 1258 daAuts
  Lair:1: 1237 daAuts
   Orc:2: 1157 daAuts
     D:5: 1123 daAuts
     D:6: 1119 daAuts
     D:9: 1075 daAuts
     D:3: 1073 daAuts
     D:1: 1053 daAuts
